 Dungeon Crawl Stone Soup version 0.24-a0-307-gf989941 (webtiles) character file.

Game seed: 4621867766442757918

28 Iscandelvey the Vexing (level 3, 26/26 HPs)
             Began as a Demonspawn Arcane Marksman on May 13, 2019.
             Quit the game on level 1 of the Dungeon.
             The game lasted 00:00:25 (464 turns).

Iscandelvey the Vexing (Demonspawn Arcane Marksman)  Turns: 464, Time: 00:00:25

Health: 26/26      AC:  2    Str: 10    XL:     3   Next: 0%
Magic:  4/4        EV: 14    Int: 15    God:
Gold:   12         SH:  0    Dex: 13    Spells: 3/4 levels left

rFire    . . .     SeeInvis .   a - +0 hand crossbow
rCold    . . .     Gourm    .   (no shield)
rNeg     . . .     Faith    .   e - +0 robe
rPois    .         Spirit   .   (helmet restricted)
rElec    .         Reflect  .   (no cloak)
rCorr    .         Harm     .   (no gloves)
MR       .....                  (no boots)
Stlth    +.........             (no amulet)
HPRegen  0.08/turn              (no ring)
MPRegen  0.09/turn              (no ring)

@: no status effects
A: antennae 1, repulsion field 1
a: no special abilities


You were on level 1 of the Dungeon.
You were not hungry.

You visited 1 branch of the dungeon, and saw 1 of its levels.

You collected 12 gold pieces.

Inventory:

Hand Weapons
 a - a +0 hand crossbow (weapon)
Missiles
 d - 59 bolts (quivered)
Armour
 e - a +0 robe (worn)
Scrolls
 g - 4 scrolls of teleportation {unknown}
 h - a scroll of noise {unknown}
 i - a scroll of identify {unknown}
Potions
 b - 2 potions of degeneration {unknown}
 c - a potion of cancellation {unknown}
 j - a potion of curing {unknown}
Comestibles
 f - a ration


   Skills:
 + Level 1.3 Fighting
 + Level 2.2 Crossbows
 + Level 2.0 Dodging
 + Level 1.0 Spellcasting
 + Level 3.5 Hexes


You had 3 spell levels left.
You knew the following spells:

 Your Spells              Type           Power        Failure   Level  Hunger
a - Corona                Hex            ##.....      6%          1    ##.....

Your spell library contained the following spells:

 Spells                   Type           Power        Failure   Level  Hunger
 Slow                     Hex            ##......     9%          2    ###....
 Inner Flame              Hex/Fire       #.......     34%         3    ####...
 Portal Projectile        Hex/Tloc       #.....       34%         3    ####...
 Cause Fear               Hex            ##........   50%         4    #####..
 Leda's Liquefaction      Hex/Erth       #.........   75%         4    #####..


Dungeon Overview and Level Annotations

Branches:
Dungeon (1/15)

Altars:


Innate Abilities, Weirdness & Mutations

You have a pair of small antennae on your head.
You are surrounded by a mild repulsion field. (EV +2)


Message History

There is an open door here.
You open the door.
There is an open door here.
You open the door.
There is an open door here.
g - 4 scrolls labeled BUENAV SIETUO (gained 1)
Found a dagger.
No target in view!
A kobold comes into view. It is wielding a +0 club.
Firing (i - inventory)
d - 60 bolts (quivered)
Press: ? - help, Shift-Dir - straight line, f - kobold
Aim: a kobold, wielding a +0 club (resting)
You shoot a bolt. The bolt hits the kobold!
You kill the kobold!
You have reached level 3!
Your experience leads to an increase in your attributes!
Increase (S)trength, (I)ntelligence, or (D)exterity?
You feel clever.
Your demonic ancestry asserts itself...
A pair of antennae grows on your head!
Are you sure you want to abandon this character and quit the game? (Confirm with "yes".)

#...#####.......#
+...+..........)#
##...######.######
............######
'#######.........# .#
#.........# .#####
#.........# .'...#
#.........### .###.#
#........@..# .# #.#
#...............(
.###'###....#.#.#####.#.
.......'.)#+#.#.# #
.###'###......#.# .# #.#
#).....#.. .###.#
#......#### .'...#
#.......... .#####
#.....####


There were no monsters in sight!

Vanquished Creatures
  A dart slug (D:1)
  A leopard gecko (D:1)
  2 goblins (D:1)
  6 hobgoblins (D:1)
  3 kobolds (D:1)
  A ball python (D:1)
  6 bats (D:1)
  A frilled lizard (D:1)
  2 rats (D:1)
23 creatures vanquished.

Notes
Turn   | Place    | Note
-------+----------+-------------------------------------------
     0 | D:1      | Iscandelvey the Demonspawn Arcane Marksman began the quest
                  | for the Orb.
     0 | D:1      | Reached XP level 1. HP: 15/15 MP: 2/2
   124 | D:1      | Gained mutation: You are surrounded by a mild repulsion
                  | field. (EV +2) [demonic ancestry]
   124 | D:1      | Reached XP level 2. HP: 21/21 MP: 3/3
   463 | D:1      | Gained mutation: You have a pair of small antennae on your
                  | head. [demonic ancestry]
   463 | D:1      | Reached XP level 3. HP: 26/26 MP: 4/4
   464 | D:1      | Quit the game

Levels and vault maps discovered:
D:1:      dpeg_arrival_concentric_ovals, layout_basic, minivault_24,
          minmay_door_square, hangedman_decor_diamond_cutter,
          corexii_hall_statues_s

Skill      XL: |  1  2 |
---------------+-------+-----
Dodging        | 2 |  2.0
Crossbows      | 2 |  2.2
Fighting       | |  1.3
Spellcasting   | |  1.0
Hexes          | |  3.5

Action                   || total
-------------------------++-------
 Fire: Hand crossbow     ||    51
Armor: Robe              ||     6
Dodge: Dodged            ||    16

Table legend:
 A = Non-vault XP
 B = Vault XP
 C = Vault XP percentage of total XP
 D = Non-vault monster count
 E = Vault monster count
 F = Vault count percentage of total count
                 A         B        C        D         E       F
            +---------+---------+-------+---------+---------+-------
      Total |      41 |       0 |   0.0 |      23 |       0 |   0.0
            +---------+---------+-------+---------+---------+-------
        D:1 |      41 |       0 |   0.0 |      23 |       0 |   0.0
            +---------+---------+-------+---------+---------+-------
